 Dungeon Crawl Stone Soup version 0.28-a0-612-gcfc00ec14d (webtiles) character file.

Game seed: 9568298125437567156

263017 freelancePsychic the Sharpshooter (level 20, -8/169 HPs)
             Began as a Formicid Fighter on Oct 5, 2021.
             Was the Champion of Okawaru.
             Killed from afar by a deep elf sorcerer (53 damage)
             ... with damnation
             ... on level 3 of the Elven Halls.
             The game lasted 01:39:06 (45121 turns).

freelancePsychic the Sharpshooter (FoFi)           Turns: 45121, Time: 01:39:06

Health: -8/169     AC: 37    Str: 24    XL:     20   Next: 82%
Magic:  0/27       EV: 13    Int: 11    God:    Okawaru [******]
Gold:   2032       SH: 34    Dex: 13    Spells: 19/19 levels left

rFire   . . .      SeeInvis +   a - +4 arbalest (freeze)
rCold   + . .      Faith    .   x - +8 tower shield {rC+}
rNeg    . . .      Spirit   +   k - +2 crystal plate armour
rPois   +          Reflect  .   (helmet unavailable)
rElec   .          Harm     .   U - +2 cloak {Stlth+}
rCorr   .          Rampage  .   F - +2 pair of gloves {archery}
Will    ++...                   t - +1 pair of boots
Stlth   ..........              M - brooch of Shielding {Spirit SH+8}
HPRegen 0.38/turn               l - ring of poison resistance
MPRegen 0.20/turn               z - +4 ring of evasion

@: very slightly contaminated, studying Throwing, invisible
A: permanent stasis, dig shafts and tunnels, antennae 3, four strong arms
}: 2/15 runes: decaying, gossamer
a: Dig, Shaft Self, Renounce Religion, Heroism, Finesse, Duel


You were on level 3 of the Elven Halls.
You worshipped Okawaru.
Okawaru was exalted by your worship.
You visited 6 branches of the dungeon, and saw 34 of its levels.
You also visited: Bailey.

You collected 3592 gold pieces.
You spent 1560 gold pieces at shops.

Inventory:

Hand Weapons
 a - a +4 arbalest of freezing (weapon)
 b - a +3 hunting sling of flaming
 B - a +2 vorpal triple crossbow
Missiles
 y - 15 javelins
 D - 93 sling bullets
 H - 35 bolts (quivered ammo)
Armour
 k - a +2 crystal plate armour (worn)
 t - a +1 pair of boots (worn)
 x - a +8 tower shield of cold resistance (worn)
 C - a scarf of resistance
 F - a +2 pair of gloves of archery (worn)
 U - a +2 cloak of stealth (worn)
Jewellery
 f - a ring of protection from cold
 l - a ring of poison resistance (left hand)
 m - the ring of Kejiefei {Int+6 Dex+2 SInv}
   (You took it off a deep elf high priest on level 3 of the Elven Halls)

   [ring of intelligence]

   Int:       It affects your intelligence (+6).
   Dex:       It affects your dexterity (+2).
   SInv:      It lets you see invisible.
 z - a +4 ring of evasion (right hand)
 J - a ring of fire
 M - the brooch of Shielding (around neck) {Spirit SH+8}
   (You found it on level 10 of the Dungeon)

   [amulet of guardian spirit]

   It causes incoming damage to be divided between your reserves of health and
   magic.
   SH:        It affects your SH (+8).
 N - a ring of flight
 Q - an amulet of guardian spirit
 R - an amulet of magic regeneration
 Z - a ring of willpower
Wands
 n - a wand of paralysis (16)
 o - a wand of polymorph (13)
 q - a wand of digging (20)
 w - a wand of flame (137)
 G - a wand of mindburst (34)
 K - a wand of iceblast (16)
Scrolls
 c - a scroll of enchant armour
 e - 16 scrolls of identify {@r1}
 g - 7 scrolls of amnesia
 j - 4 scrolls of magic mapping
 r - 7 scrolls of fear
 u - a scroll of holy word
 V - 3 scrolls of immolation
 W - a scroll of enchant weapon
 Y - a scroll of brand weapon
Potions
 d - 12 potions of might
 h - 6 potions of brilliance
 i - 3 potions of resistance
 p - 6 potions of attraction
 s - 7 potions of flight
 v - 5 potions of cancellation
 A - 4 potions of invisibility
 E - 10 potions of curing {@q1}
 I - 8 potions of ambrosia
 L - 3 potions of heal wounds {@q2}
 O - 3 potions of lignification
 P - 5 potions of mutation
 S - 4 potions of magic
Miscellaneous
 T - a condenser vane (inert)


   Skills:
 - Level 17.6 Fighting
 - Level 4.0 Staves
 - Level 4.0 Slings
 - Level 18.0 Crossbows
 + Level 17.9 Armour
 - Level 10.0 Dodging
 - Level 15.0 Shields
 - Level 9.8 Invocations
 + Level 12.5 Evocations


You had 19 spell levels left.
You didn't know any spells.
Your spell library contained the following spells:

 Spells                   Type           Power      Damage    Failure   Level
 Apportation              Tloc           0%         N/A       100%        1
 Foxfire                  Conj/Fire      0%         2x1d4     100%        1
 Pain                     Necr           0%         1d4       100%        1
 Ensorcelled Hibernation  Hex/Ice        0%         N/A       100%        2
 Scorch                   Fire           0%         2d5       100%        2
 Searing Ray              Conj           0%         2d4       100%        2
 Gell's Gravitas          Tloc           0%         N/A       100%        3
 Lesser Beckoning         Tloc           0%         N/A       100%        3
 Portal Projectile        Hex/Tloc       0%         N/A       100%        3
 Spider Form              Tmut/Pois      0%         N/A       100%        3
 Teleport Other           Tloc           0%         N/A       100%        3
 Flame Wave               Conj/Fire      0%         3d3       100%        4
 Hailstorm                Conj/Ice       0%         3d3       100%        4
 Ice Form                 Ice/Tmut       0%         N/A       100%        4
 Leda's Liquefaction      Hex/Erth       0%         N/A       100%        4
 Petrify                  Tmut/Erth      0%         N/A       100%        4
 Agony                    Necr           0%         N/A       100%        5
 Alistair's Intoxication  Tmut/Pois      0%         N/A       100%        5
 Blade Hands              Tmut           0%         N/A       100%        5
 Borgnjor's Vile Clutch   Necr/Erth      0%         N/A       100%        5
 Excruciating Wounds      Necr           0%         N/A       100%        5
 Fireball                 Conj/Fire      0%         3d3       100%        5
 Iskenderun's Battlesphe  Conj           0%         2d6       100%        5
 Metabolic Englaciation   Hex/Ice        0%         N/A       100%        5
 Conjure Ball Lightning   Conj/Air       0%         3x3d6     100%        6
 Eringya's Noxious Bog    Tmut/Pois      0%         N/A       100%        6
 Invisibility             Hex            0%         N/A       100%        6
 Iron Shot                Conj/Erth      0%         9d1       100%        6
 Statue Form              Tmut/Erth      0%         N/A       100%        6
 Orb of Destruction       Conj           0%         N/A       100%        7
 Maxwell's Capacitive Co  Air            0%         ∞         100%        8
 Animate Skeleton         Necr           Unusable   N/A       N/A         1
 Summon Small Mammal      Summ           Unusable   N/A       N/A         1
 Call Canine Familiar     Summ           Unusable   N/A       N/A         3
 Tukima's Dance           Hex            Unusable   N/A       N/A         3
 Animate Armour           Summ/Erth      Unusable   N/A       N/A         4
 Summon Forest            Summ/Tloc      Unusable   N/A       N/A         5
 Simulacrum               Ice/Necr       Unusable   N/A       N/A         6
 Summon Cactus Giant      Summ           Unusable   N/A       N/A         6

Dungeon Overview and Level Annotations

Branches:
Dungeon (15/15)            Temple (0/1) D:7            Lair (6/6) D:10
  Swamp (4/4) Lair:3       Spider (4/4) Lair:4        Slime (0/5) Lair:6
    Orc (2/2) D:10            Elf (3/3) Orc:2        Vaults (0/5) D:13
 Depths (0/4) D:15         Bailey (visited)

Altars:
Dithmenos
Gozag
Kikubaaqudgha
Okawaru
Qazlal
Sif Muna
Trog
Uskayaw
Wu Jian
Zin
Beogh
Jiyva

Shops:
D:1 *   D:12 *   Orc:2 !([*   Elf:2 *!:

Portals:
Trove: D:10 (show slimy rune of Zot)

Annotations:
D:5 exclusion: 2 downstairs
D:7 exclusion: downstairs
Lair:6 1 runed translucent door
Swamp:1 Roxanne
Elf:2 3 runed translucent doors


Innate Abilities, Weirdness & Mutations

You cannot be hasted, slowed, berserked, paralysed or teleported.
You can dig through walls and to a lower floor.
You have a pair of large antennae on your head. (SInv)
Your four strong arms can wield two-handed weapons with a shield.


Message History

Some walls begin to move on their own!
The deep elf elementalist casts a spell at you.
Some walls begin to move on their own! x2
Fire: 38 bolts
Press: ? - help, Q - select action, (/) - cycle Shift-Dir - straight line, f/p - deep elf elementalist
Aim: a deep elf elementalist, wielding a +2 rapier of speed (severely wounded, fast, repelling missiles, lightly drained, 43% to hit)
You shoot a bolt.
The bolt closely misses the deep elf elementalist.
You block the deep elf elementalist's attack.
The deep elf elementalist gestures at you while chanting.
Some walls begin to move on their own!
Fire: 37 bolts
Press: ? - help, Q - select action, (/) - cycle Shift-Dir - straight line, f/p - deep elf elementalist
Aim: a deep elf elementalist, wielding a +2 rapier of speed (severely wounded, fast, repelling missiles, lightly drained, 44% to hit)
You shoot a bolt.
The bolt hits the deep elf elementalist!!!
The bolt freezes the deep elf elementalist!
You kill the deep elf elementalist!
Okawaru accepts your kill.
The earth elemental disappears in a puff of smoke!
The earth elemental disappears in a puff of smoke!
Some walls begin to move on their own! x2
You hear a shout!
The earth elemental disappears in a puff of smoke!
The deep elf annihilator mumbles some strange words.
The deep elf annihilator blinks!
Some walls begin to move on their own!
You hear a shout!
Some walls begin to move on their own!
The deep elf sorcerer points at you and mumbles some strange words.
The bolt of acid hits you!!
* * * LOW HITPOINT WARNING * * *
Fire: 36 bolts
Press: ? - help, Q - select action, (/) - cycle Shift-Dir - straight line, f - deep elf sorcerer
Aim: a deep elf sorcerer, wielding a +0 dagger and wearing a +0 ring mail (lightly wounded, fast, lightly drained, 72% to hit)
You shoot a bolt. The bolt hits the deep elf sorcerer.
The bolt freezes the deep elf sorcerer.
The deep elf sorcerer is moderately wounded.
The deep elf sorcerer points at you and mumbles some strange words.
The sphere of damnation explodes!
The damnation engulfs you!!!
You die...

##E.# #.##..#...
#.Ee# #...##..#.
##.(.# ##)####...
#{.(.# ##.## #.##
##..).# ##.## #.##
#.E{).# #####.##
#.# #...{## #....##
#.#
#..E.E########..'##
#+#
#EE(.eE.e..@....#
##.E..###.....).##
##.####....P....##
# #...........#
#...........#
#..P..8..P..'
#...........#
#...........#
##....P....##


You could see a deep elf master archer (drained), a deep elf sorcerer (fast,
drained) and 2 earth elementals.

Vanquished Creatures
  the Lernaean hydra (Swamp:4)
  Nikola (Swamp:1)
  Jorgrun (D:12)
  A deep elf master archer (Elf:3)
  A thorn hunter (Swamp:3)
  Gastronok (Lair:2)
  Kirke (Swamp:3)
  Donald (Swamp:4)
  3 deep elf sorcerers
  An orc warlord (Orc:2)
  2 deep elf elementalists (Elf:3)
  Aizul (Spider:4)
  5 ghost moths
  9 emperor scorpions
  A ghoul (Swamp:1)
  A stone giant (D:15)
  6 deep elf demonologists
  4 deep elf annihilators
  2 entropy weavers
  A spark wasp (Spider:4)
  7 bunyips
  Snorg (D:12)
  2 deep elf death magi
  3 eleionomae (Swamp:2)
  2 fire dragons
  2 deep elf high priests (Elf:3)
  30 hydras
  A ghost crab (Swamp:4)
  Erica (Lair:2)
  A spriggan air mage (Swamp:1)
  10 boulder beetles
  3 catoblepae
  4 centaur warriors
  4 alligators
  5 dancing weapons
  6 two-headed ogres
  The ghost of krigyl the Placeless Human, a novice HuWr of Uskayaw (D:10)
  A spriggan berserker (Lair:3)
  An orc high priest (Orc:2)
  5 tengu warriors
  The ghost of pigah the Zephyrmancer, a novice OpWn of Sif Muna (D:9)
  Urug (Lair:1)
  8 deep elf knights
  Sonja (D:13)
  4 skeletal warriors (D:14)
  3 goliath frogs
  3 spriggan druids (Swamp:3)
  7 deep elf archers
  11 swamp dragons
  Pikel (D:5)
  19 bog bodies
  7 orc knights
  39 wolf spiders
  25 orb spiders
  15 deep elf zephyrmancers
  4 orc sorcerers
  26 deep elf pyromancers
  3 cyclopes
  6 will-o-the-wisps
  A salamander (shapeshifter) (D:13)
  18 ugly things
  Joseph (D:8)
  2 manticores
  4 black mambas
  3 moths of wrath
  16 elephants
  4 centaur zombies
  2 gargoyles
  12 cane toads
  Psyche (D:8)
  3 torpor snails
  An unseen horror (D:13)
  A kobold demonologist (D:13)
  Maggie (D:7)
  7 rime drakes
  9 demonic crawlers
  11 komodo dragons
  9 trolls
  A queen bee (D:9)
  7 tyrant leeches
  34 jumping spiders
  A meliai (D:9)
  Prince Ribbit (D:7)
  A bloated husk (Swamp:3)
  18 hornets
  12 polar bears
  9 slime creatures
  A wolf spider simulacrum (D:14)
  12 blink frogs
  14 spriggans
  2 air elementals
  2 centaur simulacra (D:10)
  A vampire (D:9)
  68 redbacks
  2 water elementals
  39 tarantellas
  8 wyverns
  38 yaks
  2 steam dragons
  2 shadows
  2 humans (Swamp:3)
  14 basilisks
  5 hogs (Swamp:3)
  7 vampire mosquitoes (Swamp:2)
  3 fire elementals
  16 swamp worms
  9 wargs
  14 water moccasins
  A water moccasin (shapeshifter) (Elf:2)
  3 acid dragons
  17 hell hounds (Lair:6)
  34 orc warriors
  Duvessa (D:5)
  13 swamp drakes
  A sky beast (D:3)
  14 black bears
  2 hornet zombies (D:5)
  7 necrophages
  3 ice beasts (D:10)
  16 centaurs
  7 ogres
  54 wolves
  2 lemures (D:5)
  A phantom (D:4)
  Blork the orc (D:5)
  5 kobold brigands
  12 bullfrogs
  A gnoll sergeant (D:9)
  2 scorpions
  2 earth elementals
  Dowan (D:5)
  2 water moccasin skeletons
  A troll zombie (Swamp:2)
  14 killer bees
  3 vampire bats (D:9)
  3 wights (D:8)
  7 electric eels
  A howler monkey (D:6)
  3 troll skeletons (Swamp:2)
  A bullfrog zombie (D:7)
  4 hounds
  A bullfrog skeleton (D:6)
  15 orc priests
  3 iguanas
  A centaur skeleton (D:7)
  27 orc wizards
  7 hell rats (Lair:2)
  2 killer bee zombies (D:7)
  2 howler monkey zombies (D:5)
  3 gnolls (D:9)
  5 adders
  3 shadow imps
  2 white imps (D:10)
  An ufetubus (D:4)
  4 worms
  An adder skeleton (D:4)
  13 dart slugs
  97 orcs
  4 ball pythons
  4 bats
  2 bat skeletons (D:9)
  4 bat zombies (D:9)
  7 endoplasms
  3 giant cockroaches
  14 goblins
  11 hobgoblins
  4 jackals
  2 quokkas
  A frilled lizard (D:1)
  19 kobolds
  3 rats
1273 creatures vanquished.

Vanquished Creatures (others)
  2 deep elf knights (Elf:1)
  2 bloated husks
  A tyrant leech (Swamp:4)
  A jumping spider (Spider:4)
  A hornet (Swamp:3)
  A redback (Spider:4)
  An orc (D:6)
  20 foxfires
  42 fungi
  83 plants
154 creatures vanquished.

Grand Total: 1427 creatures vanquished

Notes
Turn   | Place    | Note
-------+----------+-------------------------------------------
     0 | D:1      | freelancePsychic the Formicid Fighter began the quest for
                  | the Orb.
     0 | D:1      | Reached XP level 1. HP: 18/18 MP: 1/1
   188 | D:1      | Reached XP level 2. HP: 24/24 MP: 2/2
   377 | D:1      | Found a faded altar of an unknown god.
   433 | D:1      | Found Lusiutapo's General Store.
   510 | D:1      | Reached XP level 3. HP: 29/29 MP: 3/3
  1150 | D:2      | Reached XP level 4. HP: 35/37 MP: 4/4
  1869 | D:2      | Reached XP level 5. HP: 40/42 MP: 5/5
  2315 | D:3      | Noticed a necrophage
  2329 | D:3      | Killed a necrophage
  2330 | D:3      | Reached skill level 1 in Slings
  2330 | D:3      | Reached XP level 6. HP: 45/49 MP: 6/6
  2490 | D:3      | Noticed a sky beast
  2499 | D:3      | Killed a sky beast
  2674 | D:3      | Noticed a necrophage
  2690 | D:3      | Killed a necrophage
  2691 | D:3      | Reached skill level 5 in Fighting
  2691 | D:3      | Reached XP level 7. HP: 46/56 MP: 7/7
  3744 | D:4      | Reached skill level 5 in Armour
  3866 | D:4      | Found a bloodstained altar of Trog.
  4241 | D:4      | Found an iron altar of Okawaru.
  4251 | D:4      | Became a worshipper of Warmaster Okawaru
  4490 | D:5      | Entered Level 5 of the Dungeon
  4537 | D:5      | Reached XP level 8. HP: 24/64 MP: 8/8
  4764 | D:5      | Reached skill level 5 in Shields
  5166 | D:5      | Noticed Duvessa
  5166 | D:5      | Noticed Dowan
  5174 | D:5      | Killed Duvessa
  5174 | D:5      | Reached * piety under Okawaru
  5175 | D:5      | Killed Dowan
  5441 | D:5      | Noticed Blork the orc
  5467 | D:5      | Killed Blork the orc
  5467 | D:5      | Reached ** piety under Okawaru
  5863 | D:5      | Found a hide-covered altar of Uskayaw.
  5912 | D:5      | Noticed Pikel
  5922 | D:5      | Killed Pikel
  5923 | D:5      | Reached XP level 9. HP: 67/75 MP: 6/9
  6759 | D:6      | Reached skill level 1 in Invocations
  7027 | D:6      | Reached *** piety under Okawaru
  7429 | D:6      | Found a glowing silver altar of Zin.
  7786 | D:6      | Found a shadowy altar of Dithmenos.
  7839 | D:6      | Found an opulent altar of Gozag.
  8410 | D:7      | Reached XP level 10. HP: 76/83 MP: 12/12
  8539 | D:7      | Noticed Prince Ribbit
  8545 | D:7      | Killed Prince Ribbit
  8607 | D:7      | Found a staircase to the Ecumenical Temple.
  8722 | D:7      | Reached skill level 10 in Fighting
  8877 | D:7      | Noticed Maggie
  8957 | D:7      | Killed Maggie
  9226 | D:8      | Noticed a boulder beetle
  9726 | D:9      | Noticed a two-headed ogre
  9732 | D:9      | Killed a two-headed ogre
  9732 | D:9      | Reached **** piety under Okawaru
  9916 | D:9      | Noticed pigah's ghost (novice OpWn)
  9926 | D:9      | Found a transporter.
  9930 | D:9      | Found a transporter.
 10241 | D:9      | Found a shimmering blue altar of Sif Muna.
 10666 | D:9      | Found an ancient bone altar of Kikubaaqudgha.
 10921 | D:10     | Entered Level 10 of the Dungeon
 10921 | D:10     | Found a staircase to the Orcish Mines.
 10947 | D:10     | Reached XP level 11. HP: 80/93 MP: 13/13
 11354 | D:10     | Reached skill level 10 in Shields
 11611 | D:10     | Reached skill level 1 in Evocations
 11614 | D:10     | Found a runed translucent gate.
 11614 | D:10     | Found a runed translucent gate.
 11614 | D:10     | Found a runed translucent gate.
 11748 | D:10     | Found a staircase to the Lair.
 11825 | D:10     | Noticed a six-headed hydra
 11834 | D:10     | Killed a six-headed hydra
 11834 | D:10     | Received a gift from Okawaru
 11883 | D:10     | Found a portal to a secret trove of treasure.
 12068 | D:10     | Noticed krigyl's ghost (novice HuWr)
 12072 | D:10     | Found the brooch of Shielding {Spirit SH+8}
 12128 | Lair:1   | Entered Level 1 of the Lair of Beasts
 12187 | Lair:1   | Reached ***** piety under Okawaru
 12312 | Lair:1   | Noticed a catoblepas
 12349 | Lair:1   | Killed a catoblepas
 12565 | Lair:1   | Noticed Urug
 12602 | Lair:1   | Killed Urug
 12870 | Lair:1   | Noticed a four-headed hydra
 13080 | Lair:1   | Killed a four-headed hydra
 13080 | Lair:1   | Received a gift from Okawaru
 13081 | Lair:1   | Reached XP level 12. HP: 95/103 MP: 7/15
 13407 | Lair:1   | Received a gift from Okawaru
 13568 | Lair:1   | Reached skill level 5 in Evocations
 14267 | Lair:2   | Noticed a catoblepas
 14308 | Lair:1   | Killed a catoblepas
 14309 | Lair:1   | Reached skill level 5 in Invocations
 14575 | Lair:2   | Noticed Erica
 14595 | Lair:2   | Killed Erica
 14784 | Lair:2   | Noticed a six-headed hydra
 14802 | Lair:2   | Killed a six-headed hydra
 15393 | Lair:2   | Noticed a four-headed hydra
 15402 | Lair:2   | Killed a four-headed hydra
 15403 | Lair:2   | Noticed a six-headed hydra
 15412 | Lair:2   | Killed a six-headed hydra
 15687 | Lair:2   | Noticed a four-headed hydra
 15696 | Lair:2   | Received a gift from Okawaru
 15697 | Lair:2   | Reached XP level 13. HP: 103/111 MP: 18/18
 16006 | Lair:2   | Killed a four-headed hydra
 16139 | Lair:2   | Noticed Gastronok
 16171 | Lair:2   | Killed Gastronok
 16171 | Lair:2   | Received a gift from Okawaru
 16172 | Lair:2   | Reached skill level 15 in Shields
 16500 | D:9      | Reached skill level 1 in Crossbows
 16544 | D:9      | Killed pigah's ghost
 16545 | D:9      | Reached skill level 2 in Crossbows
 16722 | D:8      | Killed a boulder beetle
 16723 | D:8      | Reached skill level 3 in Crossbows
 17017 | D:8      | Noticed Psyche
 17073 | D:8      | Killed Psyche
 17194 | D:8      | Reached skill level 4 in Crossbows
 17212 | D:8      | Found an ornate altar of the Wu Jian Council.
 17272 | D:8      | Found a stormy altar of Qazlal.
 17370 | D:8      | Noticed Joseph
 17384 | D:8      | Killed Joseph
 17687 | D:10     | Killed krigyl's ghost
 17736 | D:10     | Got the Collected Works on Scorching Arcane Weapons
 17867 | Lair:3   | Noticed an eight-headed hydra
 17875 | Lair:3   | Reached skill level 5 in Crossbows
 17878 | Lair:3   | Killed an eight-headed hydra
 18097 | Lair:3   | Reached skill level 6 in Crossbows
 18652 | Lair:3   | Reached skill level 7 in Crossbows
 19237 | Lair:2   | Received a gift from Okawaru
 19521 | Lair:3   | Reached skill level 8 in Crossbows
 19521 | Lair:3   | Reached XP level 14. HP: 110/121 MP: 16/19
 19646 | Lair:3   | Found a staircase to the Swamp.
 20042 | Lair:4   | Reached skill level 9 in Crossbows
 20308 | Lair:4   | Found a hole to the Spider Nest.
 20531 | Lair:5   | Received a gift from Okawaru
 20961 | Lair:5   | Reached skill level 10 in Crossbows
 21687 | Lair:6   | Entered Level 6 of the Lair of Beasts
 21913 | Lair:6   | Reached skill level 11 in Crossbows
 21993 | Lair:6   | Found a runed translucent door.
 21994 | Lair:6   | Found a viscous altar of Jiyva.
 22003 | Lair:6   | Found a staircase to the Slime Pits.
 22759 | Lair:5   | Reached skill level 12 in Crossbows
 22929 | Lair:6   | Received a gift from Okawaru
 23022 | Lair:6   | Reached XP level 15. HP: 91/127 MP: 15/22
 23229 | Lair:6   | Received a gift from Okawaru
 23254 | Lair:6   | Reached skill level 13 in Crossbows
 23646 | Lair:6   | Received a gift from Okawaru
 23989 | Lair:6   | Received a gift from Okawaru
 24076 | Lair:6   | Reached skill level 14 in Crossbows
 24252 | Lair:6   | Received a gift from Okawaru
 24635 | Orc:1    | Entered Level 1 of the Orcish Mines
 24737 | Orc:1    | Found a flagged portal.
 24763 | Bailey   | Entered a bailey
 25736 | Orc:2    | Entered Level 2 of the Orcish Mines
 25756 | Orc:2    | Noticed an orc warlord
 25757 | Orc:2    | Reached skill level 15 in Crossbows
 25772 | Orc:2    | Killed an orc warlord
 26617 | Orc:2    | Found Tuangoetz's Antique Weapon Emporium.
 26622 | Orc:2    | Found Mumevosai's Antique Armour Shoppe.
 26788 | Orc:2    | Found Zeef's General Store.
 27365 | Orc:2    | Found a staircase to the Elven Halls.
 27499 | Orc:2    | Found Nosiynep's Distillery.
 27701 | Orc:2    | Bought a potion of invisibility for 136 gold pieces
 27876 | D:11     | Reached XP level 16. HP: 134/134 MP: 23/23
 28195 | D:11     | Identified the +1 robe "Wigo" {Rampage *Slow Int+4}
                  | (Okawaru gifted it to you on level 11 of the Dungeon)
 28195 | D:11     | Received a gift from Okawaru
 28392 | D:12     | Reached skill level 10 in Armour
 28417 | D:12     | Found Ukhliohuf's Assorted Antiques.
 28427 | D:12     | Bought a condenser vane for 1280 gold pieces
 28437 | D:12     | Found a hide-covered altar of Uskayaw.
 28461 | D:12     | Noticed Snorg
 28465 | D:12     | Killed Snorg
 28563 | D:12     | Reached skill level 16 in Crossbows
 28660 | D:12     | Noticed Jorgrun
 28671 | D:12     | Killed Jorgrun
 29499 | D:13     | You fall into a shaft and drop 2 floors!
 29499 | D:15     | Entered Level 15 of the Dungeon
 29882 | D:14     | Reached skill level 17 in Crossbows
 30353 | D:14     | Reached ****** piety under Okawaru
 30362 | D:14     | Identified the +1 plate armour "Mehyt" {+Inv rCorr}
                  | (Okawaru gifted it to you on level 14 of the Dungeon)
 30362 | D:14     | Received a gift from Okawaru
 30892 | D:13     | Noticed Sonja
 30901 | D:13     | Killed Sonja
 31073 | D:13     | Found a gate to the Vaults.
 31879 | D:15     | Reached XP level 17. HP: 140/140 MP: 24/24
 32217 | D:15     | Reached skill level 18 in Crossbows
 32370 | D:15     | Found a staircase to the Depths.
 33074 | Spider:1 | Entered Level 1 of the Spider Nest
 33108 | Spider:1 | Reached skill level 10 in Evocations
 33132 | Spider:1 | Reached skill level 1 in Dodging
 33580 | Spider:1 | Received a gift from Okawaru
 33901 | Spider:2 | Received a gift from Okawaru
 34145 | Spider:2 | Received a gift from Okawaru
 34296 | Spider:2 | Reached skill level 15 in Fighting
 34614 | Spider:2 | Reached skill level 5 in Dodging
 35897 | Spider:3 | Reached XP level 18. HP: 149/149 MP: 25/25
 37091 | Spider:4 | Entered Level 4 of the Spider Nest
 37093 | Spider:4 | Noticed Aizul
 37106 | Spider:4 | Killed Aizul
 37107 | Spider:4 | Received a gift from Okawaru
 37126 | Spider:4 | Received a gift from Okawaru
 37384 | Spider:4 | Received a gift from Okawaru
 37767 | Spider:4 | Received a gift from Okawaru
 38743 | Spider:4 | Got a gossamer rune of Zot
 38926 | Swamp:1  | Entered Level 1 of the Swamp
 39438 | Swamp:1  | Got the Tome of the Escort and the Birds
 39556 | Swamp:1  | Identified Roxanne's Reference Book on Transmigration
 39556 | Swamp:1  | Noticed Roxanne
 39716 | Swamp:1  | Reached XP level 19. HP: 159/159 MP: 26/26
 39731 | Swamp:1  | Noticed Nikola
 39740 | Swamp:1  | Killed Nikola
 40074 | Swamp:2  | Received a gift from Okawaru
 40290 | Swamp:2  | Identified a scroll of acquirement
 40291 | Swamp:2  | Acquired a ring of willpower
 40899 | Swamp:3  | Noticed Kirke
 40906 | Swamp:3  | Killed Kirke
 40926 | Swamp:3  | Reached skill level 15 in Armour
 40938 | Swamp:3  | Received a gift from Okawaru
 41516 | Swamp:4  | Entered Level 4 of the Swamp
 41539 | Swamp:4  | Identified the +1 leather armour of Caosm {Regen+ SInv}
 41542 | Swamp:4  | Noticed Donald
 41551 | Swamp:4  | Killed Donald
 42005 | Swamp:4  | Noticed the 27-headed Lernaean hydra
 42012 | Swamp:4  | Killed the 27-headed Lernaean hydra
 42191 | Swamp:4  | Reached XP level 20. HP: 157/168 MP: 27/27
 42291 | Swamp:4  | Got a decaying rune of Zot
 42421 | Swamp:4  | Reached skill level 10 in Dodging
 42891 | Elf:1    | Entered Level 1 of the Elven Halls
 43441 | Elf:1    | Received a gift from Okawaru
 43690 | Elf:1    | Identified the +10 quarterstaff "Iluiph" {flame, rN+}
 43995 | Elf:2    | Received a gift from Okawaru
 44021 | Elf:2    | Received a gift from Okawaru
 44192 | Elf:2    | Found a runed translucent gate.
 44192 | Elf:2    | Found a runed translucent gate.
 44195 | Elf:2    | Found a runed translucent gate.
 44289 | Elf:2    | Identified the +1 pair of gloves of Memily {Slay+2}
                  | (Okawaru gifted it to you on level 2 of the Elven Halls)
 44289 | Elf:2    | Received a gift from Okawaru
 44554 | Elf:2    | Found Qalekkun's Book Boutique.
 44556 | Elf:2    | Found Luso's Distillery.
 44560 | Elf:2    | Found Riuf's General Store.
 44602 | Elf:2    | Bought a potion of invisibility for 144 gold pieces
 44761 | Elf:3    | Entered Level 3 of the Elven Halls
 44961 | Elf:3    | Identified the ring of Kejiefei {Int+6 Dex+2 SInv}
 45075 | Elf:3    | Identified the +2 robe of Joiloxac {rPois Str+7 Int-4
                  | Dex+4}
 45077 | Elf:3    | Identified the +8 dagger of the New World {vorpal, rPois
                  | Will+ Str+3 Int+2}
 45105 | Elf:3    | Noticed a Tzitzimitl
 45121 | Elf:3    | Killed from afar by a deep elf sorcerer

Illustrated notes

Levels and vault maps discovered:
D:1:      minmay_arrival_split_and_join, layout_basic,
          shapermc_ecumenical_altar_acropolis, serial_shops, shop
D:2:      layout_loops_ring
D:3:      layout_basic, hangedman_feature_mirror
D:4:      layout_loops_corners, mainiacjoe_overflow_chevrons,
          kennysheep_little_box
D:5:      layout_gridville, mainiacjoe_overflow_paths, uniq_pikel, uniq_duvessa,
          uniq_blork_the_orc
D:6:      kennysheep_slugbush, layout_basic,
          pdpol_temple_overflow_zin_treasury_gozag_greed,
          nicolae_overflow_crystal_walls
D:7:      layout_basic, minmay_temple_entry_offerings, kennysheep_nondescript,
          chequers_decorated_corner, uniq_prince_ribbit1, uniq_maggie
D:8:      layout_rooms, mainiacjoe_overflow_catch_the_wave, dk_noncrumbling_4,
          uniq_psyche, uniq_joseph
D:9:      layout_layer_cave, kennysheep_vampire_church,
          mainiacjoe_overflow_small_starburst, gammafunk_ghost_hive
D:10:     layout_rooms, minmay_lair_entry_grove, orc_0_dummy,
          gammafunk_ghost_icy, nicolae_trove_entry_crossroad
D:11:     layout_basic, kb_lookout_dungeons_type, lightli_orcish_oven
D:12:     layout_irregular_city, serial_shops, nicolae_square_shop,
          chequers_serial_rivers_micro_b, dancing_weapons_uskayaw, uniq_snorg,
          uniq_jorgrun
D:13:     layout_stronghold, hangedman_vaults_entry_quadrant_bands, uniq_sonja
D:14:     layout_basic, chequers_serial_rivers_marsh, st_stairs_1, minivault_23,
          glass_columns_b, minmay_misc_feat_cross, serial_park_tiny_1
D:15:     grunt_enter_depths_snipers, layout_layer_cave, minmay_crystal_room
Lair:1:   layout_hall_layers, uniq_urug
Lair:2:   layout_regular_city, uniq_erica, uniq_gastronok
Lair:3:   layout_chaotic_city, nicolae_swamp_entry_splash_gauntlet,
          chequers_serial_rivers_micro_d, beast_lair_carwin_8,
          serial_bayou_shore_a, infiniplex_staircase_pool
Lair:4:   layout_hall_layers, spider_nest_entry_web_field
Lair:5:   layout_regular_city, infiniplex_staircase_pool_2
Lair:6:   hangedman_lair_caniforms_friends, layout_hall_layers,
          guppyfry_lair_end_dragon, slime_altar_2,
          grunt_forest_small_clearing_treed, grunt_megastairs_4
Swamp:1:  layout_basic_swamp, nicolae_swamp_small_spring, uniq_nikola,
          uniq_roxanne
Swamp:2:  layout_falls_marsh, nicolae_swamp_triple_paths, swamp_pool5,
          cheibrodos_swamp_minitomb
Swamp:3:  layout_basic_swamp, evilmike_swamp_ruin_rubble_1, worms_lemuel,
          uniq_kirke
Swamp:4:  grunt_swamp_rune_castle, layout_basic_swamp, uniq_donald
Spider:1: layout_spider_delve
Spider:2: layout_chambers, nicolae_spider_wall_of_niches
Spider:3: layout_chambers
Spider:4: grunt_spider_rune_circles, uniq_aizul
Orc:1:    layout_caves, enter_bailey_3, nicolae_orc_lava_room
Orc:2:    grunt_orc_community_town_hall, layout_caves,
          grunt_orc_community_big_house_2, grunt_orc_community_big_house_2,
          grunt_orc_community_house_2, grunt_orc_community_house_2,
          grunt_orc_community_house_2, grunt_orc_community_house_1,
          grunt_orc_community_house_3, grunt_orc_community_house_1
Elf:1:    layout_rooms, minmay_elf_demonology,
          minmay_checkered_concentric_circles
Elf:2:    elven_hall_of_blades_hangedman_original
          [nicolae_blade_entry_area_security], layout_loops_cross,
          minmay_shop_star
Elf:3:    minmay_elf_hall_x, layout_geoelf_grid, basic_altar, hex_large,
          serial_sigils_hangedman_scratch

Skill      XL: |  1  2  3  4  5  6  7  8  9 10 11 12 13 14 15 16 17 18 19 20 |
---------------+-------------------------------------------------------------+-----
Shields        | 4 8 9 12 14 15 | 15.0
Staves         | 3 4 |  4.0
Fighting       | 4 5 8 9 11 12 13 14 15 16 17 | 17.6
Slings         | 1 2 3 4 |  4.0
Armour         | 4 5 8 9 10 11 13 16 17 | 17.9
Invocations    | 3 4 6 7 9 |  9.8
Evocations     | 4 5 8 10 12 | 12.5
Crossbows      | 8 12 15 17 18 | 18.0
Dodging        | 6 8 9 10 | 10.0

Action                   |  1- 3 |  4- 6 |  7- 9 | 10-12 | 13-15 | 16-18 | 19-21 || total
-------------------------+-------+-------+-------+-------+-------+-------+-------++-------
Melee: Quarterstaff      |    67 |    82 |       |       |       |       |       ||   149
 Fire: Hunting sling     |       |    53 |   323 |   801 |   595 |       |       ||  1772
       Arbalest          |       |       |       |       |   874 |  1023 |   675 ||  2572
Invok: Heroism           |       |       |     1 |    13 |    14 |     4 |     5 ||    37
       Finesse           |       |       |       |     3 |     5 |     1 |     2 ||    11
 Abil: Dig               |     1 |       |     1 |    12 |     5 |     1 |     1 ||    21
Evoke: Wand              |       |       |       |     7 |    12 |     9 |    26 ||    54
       Condenser vane    |       |       |       |       |       |     3 |     4 ||     7
  Use: Scroll            |     1 |       |     6 |     8 |    22 |     2 |     5 ||    44
       Potion            |       |       |       |     5 |       |     2 |     6 ||    13
Armor: Scale mail        |    21 |    29 |       |       |       |       |       ||    50
       Plate armour      |       |    33 |    68 |   258 |   303 |    16 |       ||   678
       Crystal plate arm |       |       |       |       |       |   159 |   106 ||   265
Dodge: Dodged            |    27 |    47 |    34 |   130 |   302 |   111 |    76 ||   727
Block: Buckler           |    10 |    21 |     5 |       |       |       |       ||    36
       Kite shield       |       |       |    56 |    58 |       |       |       ||   114
       Tower shield      |       |       |       |   449 |  1511 |   841 |   381 ||  3182

Table legend: (Time is in decaauts)
 A = Elapsed time spent in this place.
 B = Non-inter-level travel time spent in this place.
 C = Inter-level travel time spent in this place.
 D = Time resting spent in this place.
 E = Time spent auto-exploring this place.
 F = Levels seen in this place.
 G = Mean time per level.
                   A        B        C        D        E       F      G
               +--------+--------+--------+--------+--------+-----+--------+
         Total |  45683 |  43119 |   2564 |   1971 |  32423 |  35 | 1305.2 |
       Dungeon |  18852 |  17641 |   1211 |    919 |  13760 |  15 | 1256.8 |
          Lair |  11967 |  11232 |    735 |    630 |   8212 |   6 | 1994.5 |
         Swamp |   3668 |   3503 |    165 |    116 |   2539 |   4 |  917.0 |
   Spider Nest |   5792 |   5607 |    185 |    233 |   4400 |   4 | 1448.0 |
  Orcish Mines |   2631 |   2401 |    230 |      0 |   1649 |   2 | 1315.5 |
   Elven Halls |   2229 |   2194 |     35 |     73 |   1519 |   3 |  743.0 |
        Bailey |    541 |    541 |      0 |      0 |    343 |   1 |  541.0 |
               +--------+--------+--------+--------+--------+-----+--------+

Top non-repeatable levels by time:
  Lair:1: 3277 daAuts
  Lair:6: 2683 daAuts
     D:5: 2197 daAuts
  Lair:3: 1852 daAuts
     D:9: 1826 daAuts
  Lair:2: 1814 daAuts
     D:6: 1775 daAuts
Spider:2: 1754 daAuts
Spider:3: 1686 daAuts
   Orc:2: 1592 daAuts
    D:10: 1518 daAuts
Spider:4: 1506 daAuts
    D:15: 1489 daAuts
  Lair:5: 1216 daAuts
 Swamp:4: 1215 daAuts
